Map: Site Delta LE

Players

NoGoProBro - Winner!

  • Race: Protoss Protoss
  • League: Platinum
  • Spawn Location: 11:00

Subwayeatn

  • Race: Zerg Zerg
  • League: Platinum
  • Spawn Location: 5:00

VOD

Have the link to the VOD?

Description

Time

  • Played on: Nov. 4, 2023, 12:38 p.m.
  • Length: 6:26
Show
View Real Time Build Order
Export as new Build Order

NoGoProBro Protoss - Winner!

Build Orders: Dark Templar Rush 

Get SALT Encoding   

  12  0:03  Probe (Chrono Boost)  
  13  0:13  Probe (Chrono Boost)  
  14  0:18  Probe (Chrono Boost)  
  15  0:25  Pylon  
  15  0:44  Forge  
  15  0:47  Gateway  
  15  0:51  Probe  
  15  0:56  Assimilator  
  16  1:03  Probe (Chrono Boost)  
  17  1:10  Pylon  
  17  1:15  Probe (Chrono Boost)  
  18  1:22  Photon Cannon  
  18  1:25  Probe  
  19  1:34  Zealot  
  21  1:43  Cybernetics Core  
  21  1:44  Probe  
  22  1:56  Probe  
  23  2:15  Nexus  
  23  2:18  Warp Gate (Chrono Boost)  
  23  2:25  Probe  
  23  2:28  Assimilator  
  24  2:33  Stalker  
  26  2:38  Pylon  
  26  2:54  Twilight Council, Probe  
  27  3:01  Protoss Ground Weapons Level 1 (Chrono Boost)  
  27  3:03  Zealot  
  29  3:15  Probe  
  30  3:21  Shield Battery  
  30  3:27  Probe  
  30  3:28  Gateway  
  30  3:30  Charge (Chrono Boost)  
  31  3:37  Probe  
  31  3:40  Probe  
  33  3:53  Gateway  
  33  3:58  Dark Shrine  
  33  4:02  Zealot  
  35  4:05  Probe  
  35  4:07  Probe  
  37  4:17  Probe  
  37  4:21  Pylon, Probe  
  39  4:25  Zealot  
  39  4:26  Zealot  
  43  4:32  Probe  
  43  4:34  Probe  
  45  4:44  Probe  
  46  4:48  Gateway, Zealot  
  46  4:49  Zealot  
  50  4:58  Probe  
  50  4:59  Probe  
  52  5:05  Zealot  
  54  5:10  Probe  
  54  5:13  Zealot  
  54  5:14  Zealot  
  59  5:18  Pylon  
  59  5:29  Dark Templar  
  61  5:36  Dark Templar  
  61  5:37  Dark Templar  
  65  5:48  Probe x2  
  67  5:53  Robotics Facility  
  61  6:00  Probe x2  
  61  6:04  Assimilator  
  61  6:08  Assimilator  
  61  6:12  Probe  
Show
View Real Time Build Order
Export as new Build Order

Subwayeatn Zerg 

Build Orders: Hatch First 

Get SALT Encoding   

  12  0:00  Drone  
  13  0:12  Overlord  
  13  0:19  Drone  
  14  0:30  Drone  
  14  0:31  Drone  
  16  0:54  Hatchery  
  15  1:00  Drone x3  
  15  1:04  Extractor  
  17  1:16  Spawning Pool  
  16  1:19  Drone  
  17  1:30  Drone  
  18  1:37  Drone  
  19  1:44  Drone  
  20  1:57  Hatchery  
  19  2:02  Drone  
  19  2:06  Queen  
  22  2:23  Drone x2  
  22  2:26  Queen  
  26  2:31  Overlord  
  26  2:40  Drone x2  
  26  2:42  Metabolic Boost  
  28  2:51  Queen  
  30  2:58  Drone x3  
  30  2:59  Drone  
  34  3:12  Queen  
  36  3:39  Zergling x2  
  36  3:40  Zergling x6  
  40  3:43  Drone x2  
  40  3:44  Overlord  
  40  3:48  Overlord  
  42  4:01  Queen x2  
  46  4:09  Drone x7  
  56  4:10  Drone x5  
  58  4:35  Overlord  
  58  4:38  Burrow, Overlord  
  58  4:47  Overlord  
  58  4:50  Overlord  
  58  5:00  Lair  
  58  5:03  Drone x2  
  58  5:04  Drone x3, Extractor  
  58  5:06  Drone x2  
  64  5:08  Drone x6  
  70  5:26  Zergling x2, Queen x2  
  70  5:27  Zergling x22  
  82  5:34  Baneling Nest  
  81  5:37  Evolution Chamber  
  81  5:39  Zergling x6, Evolution Chamber  
  66  5:57  Zergling x4  
  66  5:58  Zergling x6  
  66  6:08  Zergling x6  
Tags
 
Add a new tag
Caveats
  • Supply blocks, unpowered buildings, or Contaminate may cause inaccurate times.
  • Supply counts are checked every 10 seconds.